 Dungeon Crawl Stone Soup version 0.21.1-1-g345015f (webtiles) character file.

21 shakethe the Covered (level 2, 0/20 HPs)
             Began as a Gargoyle Fighter on Feb 20, 2018.
             Slain by a rat (1 damage)
             ... on level 1 of the Dungeon.
             The game lasted 00:00:45 (435 turns).

shakethe the Covered (Gargoyle Fighter)              Turns: 435, Time: 00:00:46

Health: 0/20       AC:  9    Str: 19    XL:     2   Next: 87%
Magic:  2/2        EV:  7    Int:  8    God:
Gold:   18         SH:  9    Dex:  9    Spells: 1/1 levels left

rFire    . . .     SeeInvis .   a - +0 flail
rCold    . . .     Gourm    .   c - +0 shield
rNeg     + . .     Faith    .   b - +0 scale mail
rPois    ∞         Spirit   .   (no helmet)
rElec    +         Reflect  .   (no cloak)
rCorr    .         Harm     .   (no gloves)
MR       .....                  (no boots)
Stlth    ..........             (no amulet)
HPRegen  0.06/turn              (no ring)
MPRegen  0.08/turn              (no ring)

@: no status effects
A: negative energy resistance 1, electricity resistance, unbreathing,
petrification resistance, rot immunity, AC +2
a: no special abilities


You were on level 1 of the Dungeon.
You were not hungry.

You visited 1 branch of the dungeon, and saw 1 of its levels.

You collected 18 gold pieces.

Inventory:

Hand Weapons
 a - a +0 flail (weapon)
Armour
 b - a +0 scale mail (worn)
 c - a +0 shield (worn)
Scrolls
 e - a scroll of fear {unknown}
 j - a scroll of enchant armour {unknown}
Potions
 d - a potion of might
 h - a potion of curing {unknown}
 i - a potion of resistance {unknown}
 k - a potion of experience {unknown}
Comestibles
 f - 2 rations
 g - a chunk of flesh {@w0@w0}


   Skills:
 + Level 3.6 Fighting
 + Level 2.5 Maces & Flails
 + Level 3.7 Armour
 - Level 3.2 Shields


You had one spell level left.
You didn't know any spells.

Dungeon Overview and Level Annotations

Branches:
Dungeon (1/15)

Altars:


Innate Abilities, Weirdness & Mutations

You are resistant to torment.
Your stone body is resilient. (AC +2)
You are immune to poison.
You resist negative energy. (rN+)
You are resistant to electric shocks. (rElec)
You can survive without breathing.
You are immune to petrification.
You are immune to rotting.


Message History

MASSIVE DAMAGE!!
You block the jackal's attack.
The jackal bites you but does no damage.
You block the jackal's attack.
You hit the jackal but do no damage.
The jackal bites you but does no damage.
You block the jackal's attack. The jackal bites you.
The jackal bites you but does no damage.
You block the jackal's attack.
The jackal bites you but does no damage.
You take 2 damage, and have 13/19 hp.
You hit the jackal.
The jackal bites you but does no damage.
The jackal barely misses you. The jackal closely misses you.
The jackal bites you.
The jackal bites you but does no damage.
You block the jackal's attack.
You take 2 damage, and have 11/19 hp.
You barely miss the jackal. You block the jackal's attack. x2
The jackal bites you. You block the jackal's attack.
The jackal closely misses you. You block the jackal's attack.
You take 1 damage, and have 10/19 hp.
Your scale mail prevents you from hitting the jackal.
The jackal barely misses you. x2; You block the jackal's attack.
The jackal bites you but does no damage.
The jackal bites you. The jackal barely misses you.
You take 1 damage, and have 9/19 hp.
You miss the jackal. The jackal bites you. You block the jackal's attack.
The jackal bites you but does no damage. x2
You block the jackal's attack. x2
You take 2 damage, and have 7/19 hp.
You miss the jackal.
The jackal bites you but does no damage. x2
The jackal barely misses you. You block the jackal's attack. x2
The jackal bites you but does no damage.
You closely miss the jackal.
The jackal bites you but does no damage. x2
The jackal closely misses you. You block the jackal's attack.
The jackal bites you but does no damage.
You hit the jackal.
You kill the jackal!
You block the jackal's attack.
The jackal bites you but does no damage.
You block the jackal's attack. The jackal barely misses you.
You block the jackal's attack.
The jackal bites you but does no damage. x2
You see here a jackal corpse.
You block the jackal's attack. The jackal barely misses you. x2
A rat comes into view.
The jackal bites you but does no damage.
You hit the jackal. You block the jackal's attack. The jackal bites you.
You take 1 damage, and have 7/19 hp.
You closely miss the jackal. You block the jackal's attack. x2
You closely miss the jackal. You block the jackal's attack.
The rat bites you but does no damage.
The jackal bites you but does no damage.
You closely miss the jackal. The jackal bites you.
* * * LOW HITPOINT WARNING * * *
The rat closely misses you.
The jackal bites you but does no damage.
You take 2 damage, and have 5/19 hp.
Your shield and scale mail prevent you from hitting the jackal.
You block the rat's attack.
The jackal bites you but does no damage.
The rat barely misses you. You block the jackal's attack.
You closely miss the jackal.
The jackal bites you but does no damage.
The rat completely misses you.
Your shield and scale mail prevent you from hitting the jackal.
The jackal closely misses you. You block the rat's attack.
The jackal bites you but does no damage.
You hit the jackal but do no damage.
The jackal bites you but does no damage.
The rat bites you.
* * * LOW HITPOINT WARNING * * *
The jackal barely misses you. The rat bites you but does no damage.
You take 1 damage, and have 4/19 hp.
You hit the jackal.
You kill the jackal!
The rat barely misses you.
The jackal bites you but does no damage.
You closely miss the jackal.
The jackal bites you but does no damage.
The rat closely misses you. The jackal barely misses you.
You hit the jackal. You block the rat's attack. You block the jackal's attack.
The rat bites you but does no damage.
You closely miss the jackal. The jackal bites you.
* * * LOW HITPOINT WARNING * * *
You block the jackal's attack. The rat bites you.
* * * LOW HITPOINT WARNING * * *
You take 4 damage, and have 1/20 hp.
You hit the jackal. You block the jackal's attack. You block the rat's attack.
The jackal closely misses you.
You sock the jackal!
You kill the jackal!
You block the rat's attack. The rat bites you but does no damage.
You see here a jackal corpse.
You closely miss the rat. The rat bites you.
You die...

. #........#.#.#
#..###..###.###.#.#
#........##..##...#
#.##......##..#..#
#.###.........# #.
##..##....# #### ..
##.###...# ..... ##
#.# ##.†###......
... #.@r........
...# #..##.......
#...# #.## #......
######>.# ......
.=.(. ..... #.....
..... #..... ....
#.$.. ....


You could see a rat.

Vanquished Creatures
  A dart slug (D:1)
  A goblin (D:1)
  7 jackals (D:1)
  2 kobolds (D:1)
  3 bats (D:1)
  A frilled lizard (D:1)
  3 rats (D:1)
18 creatures vanquished.

Vanquished Creatures (others)
  A bat (D:1)
1 creature vanquished.

Grand Total: 19 creatures vanquished

Notes
Turn   | Place    | Note
-------+----------+-------------------------------------------
     0 | D:1      | shakethe the Gargoyle Fighter began the quest for the Orb.
     0 | D:1      | Reached XP level 1. HP: 14/14 MP: 1/1
    70 | D:1      | Reached XP level 2. HP: 19/19 MP: 2/2
   426 | D:1      | HP: 4/19 [rat (1)]
   430 | D:1      | HP: 1/20 [rat (2)]
   435 | D:1      | Slain by a rat

Action                   || total
-------------------------++-------
Melee: Flail             ||    96
Armor: Scale mail        ||    86
Dodge: Dodged            ||    53
Block: Shield            ||    75

Vault maps used:
D:1:      lemuel_arrival_behind_the_door_small

Table legend:
 A = Turns spent in this place as a percentage of turns spent in the entire game.
 B = Non-inter-level travel turns spent in this place as a percentage of non-inter-level travel turns spent in the entire game.
 C = Inter-level travel turns spent in this place as a percentage of turns spent in this place.
 D = Turns resting spent in this place as a percentage of non-inter-level travel turns spent in this place.
 E = Turns spent auto-exploring this place as a percentage of non-inter-level travel turns spent in this place.
 F = Non-inter-level travel turns spent in this place divided by the number of levels of this place that you've seen.
                   A       B       C       D       E      F
               +-------+-------+-------+-------+-------+----------------------
         Total | 100.0 | 100.0 |   0.0 |  24.6 |  36.1 | 435.0
       Dungeon | 100.0 | 100.0 |   0.0 |  24.6 |  36.1 | 435.0
               +-------+-------+-------+-------+-------+----------------------

Table legend:
 A = Kills in this place as a percentage of kills in entire the game.
 B = Kills by you in this place as a percentage of kills by you in the entire game.
 C = Kills by friends in this place as a percentage of kills by friends in the entire game.
 D = Other kills in this place as a percentage of other kills in the entire game.
 E = Experience gained in this place as a percentage of experience gained in the entire game.
 F = Experience gained in this place divided by the number of levels of this place that you have seen.
                   A       B       C       D       E      F
               +-------+-------+-------+-------+-------+----------------------
         Total | 100.0 | 100.0 |   N/A |   N/A | 100.0 |  31.0
       Dungeon | 100.0 | 100.0 |   N/A |   N/A | 100.0 |  31.0
               +-------+-------+-------+-------+-------+----------------------
